Map: [ESL] Glittering Ashes

Players

Ryung

  • Race: Terran Terran

ByuN - Winner!

  • Race: Terran Terran

Event: IEM Katowice 2022

VOD

Have the link to the VOD?

Description

Time

  • Played on: Feb. 23, 2022, 8:25 a.m.
  • Length: 14:46

All games in this series

Show
View Real Time Build Order
Export as new Build Order

Ryung Terran 

Build Orders:  

Get SALT Encoding   

  12  0:00  SCV  
  13  0:12  SCV  
  14  0:16  Supply Depot  
  14  0:24  SCV  
  15  0:38  SCV, Barracks  
  16  0:43  Refinery  
  16  0:50  SCV  
  16  0:52  Refinery  
  17  1:02  SCV  
  18  1:14  SCV  
  20  1:25  Reaper  
  20  1:26  Orbital Command  
  20  1:29  Supply Depot  
  20  1:42  Factory  
  20  1:52  SCV  
  21  1:57  Reaper  
  22  2:04  SCV  
  23  2:16  SCV  
  24  2:28  Hellion  
  24  2:29  SCV  
  27  2:32  Barracks Reactor  
  27  2:35  Command Center  
  26  2:41  SCV  
  27  2:48  Supply Depot  
  27  2:50  Factory Tech Lab  
  27  2:53  SCV  
  28  3:01  Starport  
  28  3:06  SCV  
  28  3:10  Marine, Cyclone  
  33  3:15  Marine  
  33  3:18  SCV  
  35  3:28  Refinery  
  35  3:29  Marine  
  35  3:30  SCV  
  35  3:33  Marine  
  38  3:39  Starport Tech Lab  
  38  3:42  SCV  
  38  3:47  Orbital Command  
  39  3:54  SCV  
  40  3:57  Raven  
  40  3:59  Marine x2  
  44  4:06  SCV  
  45  4:10  Siege Tank  
  45  4:11  Supply Depot  
  45  4:13  SCV  
  45  4:17  Marine  
  49  4:18  SCV  
  49  4:19  Marine  
  52  4:25  SCV  
  52  4:26  Supply Depot  
  52  4:30  SCV  
  54  4:37  SCV  
  55  4:40  Raven  
  55  4:42  SCV  
  57  4:49  SCV  
  57  4:50  Siege Tank  
  59  4:54  SCV  
  59  4:59  Command Center  
  60  5:02  Supply Depot  
  60  5:04  SCV  
  60  5:07  SCV  
  60  5:16  SCV  
  60  5:19  SCV  
  58  5:22  Siege Tank  
  62  5:28  SCV  
  62  5:31  SCV  
  62  5:34  Marine  
  62  5:35  Stimpack, Starport Reactor  
  63  5:41  Barracks  
  63  5:42  Barracks  
  60  5:44  SCV x2  
  62  5:51  Engineering Bay  
  62  5:52  Engineering Bay  
  62  5:56  SCV x2, Siege Tank  
  66  6:04  Marine  
  66  6:08  SCV x2  
  66  6:09  Refinery  
  69  6:12  Supply Depot, Orbital Command  
  69  6:20  Starport Reactor  
  69  6:22  Marine  
  69  6:23  SCV x2, Terran Infantry Weapons Level 1, Terran Infantry Armor Level 1  
  72  6:28  Missile Turret  
  72  6:34  Marine x2, Orbital Command  
  72  6:35  SCV  
  72  6:36  SCV  
  76  6:40  Marine  
  76  6:42  Marine x2  
  76  6:44  Siege Tank  
  82  6:49  SCV x2  
  82  6:52  Marine  
  85  6:56  Marine  
  85  6:58  Marine  
  85  7:00  SCV  
  87  7:02  Medivac x2  
  87  7:04  Marine x2  
  87  7:07  SCV x2  
  94  7:09  Marine  
  94  7:10  Sensor Tower  
  94  7:11  Supply Depot  
  94  7:12  Supply Depot, SCV  
  94  7:14  Marine, Combat Shield  
  97  7:18  Marine  
  97  7:19  SCV x2  
  97  7:22  Marine x2  
  101  7:27  Marine  
  99  7:31  SCV x2  
  99  7:32  SCV, Marine  
  99  7:35  Supply Depot  
  99  7:36  Marine  
  101  7:40  Marine x2  
  101  7:43  SCV x2  
  101  7:44  SCV, Armory  
  105  7:45  Marine  
  105  7:50  Marine  
  105  7:51  Medivac  
  109  7:53  Medivac  
  109  7:54  Marine  
  109  7:57  Marine  
  109  7:58  Marine  
  113  7:59  SCV x3  
  113  8:02  Siege Tank  
  113  8:03  Marine  
  120  8:07  Refinery  
  120  8:11  SCV x3  
  123  8:14  Barracks  
  123  8:16  Refinery  
  123  8:17  Barracks  
  123  8:21  Supply Depot  
  123  8:22  Supply Depot  
  123  8:23  SCV x2  
  125  8:32  Terran Infantry Weapons Level 2  
  125  8:36  Terran Infantry Armor Level 2  
  125  8:43  SCV, Marine x4, Medivac x2  
  134  8:50  SCV x2  
  134  8:51  Factory  
  134  8:52  Command Center  
  136  8:56  Supply Depot  
  136  8:58  Supply Depot  
  136  8:59  Barracks Reactor  
  136  9:00  Terran Vehicle Weapons Level 1  
  136  9:01  Marine x2  
  136  9:02  Barracks Reactor, Marine x2  
  140  9:05  Barracks Reactor  
  140  9:17  Supply Depot, Siege Tank  
  140  9:18  Marine x2  
  140  9:20  Supply Depot, SCV x3, Marine x2  
  150  9:30  Medivac x2  
  154  9:36  Marine x2  
  154  9:37  Marine  
  157  9:44  Siege Tank  
  157  9:47  Barracks x2, Marine  
  157  9:49  Siege Tank  
  157  9:51  Barracks, Marine  
  157  9:55  Marine x2  
  157  9:59  Marine x3  
  149  10:01  Marine  
  149  10:02  Medivac x2  
  149  10:03  Marine  
  149  10:06  Planetary Fortress  
  152  10:09  Marine x3  
  155  10:16  Siege Tank  
  155  10:17  Marine x2  
  155  10:20  Marine  
  161  10:22  Marine x2  
  161  10:23  Marine x2  
  161  10:27  Marine x3, Siege Tank  
  165  10:35  Marine x3  
  151  10:36  Marine  
  151  10:38  Marine x2  
  151  10:40  Marine x2  
  151  10:41  Marine x2  
  120  10:45  Marine x3  
  120  10:48  Siege Tank  
  113  10:53  Marine x4  
  113  10:55  Marine  
  113  10:56  Marine  
  111  10:57  Marine  
  111  10:58  Marine  
  111  10:59  Marine x2, Siege Tank  
  111  11:02  Marine  
  111  11:03  Marine x2  
  121  11:10  Orbital Command  
  121  11:11  Marine x4  
  122  11:13  Marine  
  122  11:14  Marine  
  122  11:15  Marine x2  
  122  11:16  Marine  
  122  11:17  Marine  
  131  11:20  Medivac x2  
  131  11:24  Marine  
  136  11:29  SCV  
  136  11:30  SCV  
  138  11:34  Sensor Tower  
  138  11:40  SCV x2  
  138  11:42  SCV x2  
  140  11:50  Medivac x2  
  140  11:52  SCV x2  
  146  11:58  Siege Tank  
  146  11:59  Marine x2  
  146  12:00  Marine x2  
  153  12:06  Marine x3  
  153  12:07  Marine x3  
  159  12:10  Sensor Tower  
  159  12:16  Marine x3  
  162  12:23  Marine x4  
  162  12:24  Marine  
  162  12:26  Marine x2  
  165  12:30  Siege Tank  
  165  12:31  Marine x2  
  165  12:33  Marine  
  165  12:35  SCV x2  
  165  12:36  SCV  
  171  12:42  Siege Tank  
  156  12:51  Medivac x2  
  156  12:52  Marine x4  
  156  12:53  Marine x3  
  156  12:55  Marine x3  
  156  12:57  Marine  
  156  12:58  Marine  
  148  13:00  Marine  
  142  13:10  Marine x4  
  142  13:11  Marine x3  
  143  13:13  Marine x3  
  143  13:14  Marine  
  128  13:21  Marine x2  
  128  13:22  Medivac x2  
  134  13:27  Marine  
  134  13:28  Marine x4  
  134  13:29  Marine  
  134  13:33  Marine x2  
  134  13:34  Marine  
  143  13:38  Marine x2  
  137  13:50  Marine x2, Siege Tank x2  
  145  13:59  Marine  
  129  14:02  Marine  
  129  14:05  Marine x3  
  129  14:06  Marine  
  129  14:07  Marine x2  
  129  14:08  Marine x2  
  110  14:11  Marine x2  
  110  14:12  Marine  
  103  14:17  Marine  
  103  14:20  Marine  
  103  14:23  Marine  
  108  14:25  Marine x2  
Show
View Real Time Build Order
Export as new Build Order

ByuN Terran - Winner!

Build Orders: Gas First Reaper Expand, Hellion Opening 

Get SALT Encoding   

  12  0:00  SCV  
  13  0:12  SCV  
  14  0:16  Supply Depot  
  14  0:24  SCV  
  14  0:27  Refinery  
  15  0:38  SCV  
  16  0:43  Barracks  
  16  0:50  SCV  
  17  1:02  SCV  
  18  1:14  SCV  
  19  1:30  Reaper, Orbital Command  
  20  1:41  Command Center  
  20  1:51  Factory  
  20  1:55  SCV  
  21  2:03  Refinery  
  21  2:04  Barracks Reactor  
  21  2:07  SCV  
  22  2:12  Supply Depot  
  22  2:19  SCV  
  23  2:33  SCV  
  23  2:38  Starport  
  23  2:45  SCV, Hellion x2  
  23  2:49  Barracks Tech Lab  
  28  2:57  SCV  
  28  3:07  Hellion  
  28  3:11  SCV  
  28  3:12  Hellion, Orbital Command  
  33  3:23  SCV  
  33  3:24  Raven  
  36  3:28  Hellion  
  36  3:33  Hellion  
  40  3:36  SCV  
  40  3:39  Supply Depot  
  42  3:42  SCV  
  42  3:45  Refinery  
  42  3:49  SCV  
  42  3:54  SCV  
  44  3:57  Marine  
  44  3:58  Marine  
  44  4:01  SCV, Factory Tech Lab  
  44  4:02  Supply Depot  
  47  4:06  SCV  
  47  4:07  Raven  
  50  4:13  SCV  
  50  4:16  Marine x2  
  53  4:18  SCV  
  53  4:24  Supply Depot, Cyclone  
  57  4:30  SCV x2  
  59  4:36  Marine x2  
  61  4:39  Supply Depot  
  61  4:42  SCV  
  62  4:46  SCV  
  62  4:50  Supply Depot  
  62  4:51  Raven  
  65  4:54  SCV  
  65  4:55  Marine  
  65  4:56  Marine  
  65  4:58  SCV  
  69  5:00  Siege Tank  
  69  5:07  SCV  
  73  5:10  SCV  
  73  5:13  Supply Depot  
  74  5:19  SCV  
  69  5:22  SCV  
  69  5:31  SCV  
  69  5:34  SCV, Siege Tank  
  76  5:38  Command Center  
  76  5:39  Refinery  
  76  5:40  Supply Depot  
  74  5:43  SCV, Viking  
  74  5:44  Viking  
  74  5:45  Stimpack  
  74  5:49  SCV  
  80  5:55  SCV  
  81  5:58  Marine  
  81  6:01  SCV  
  81  6:03  Barracks  
  83  6:04  Barracks  
  83  6:07  SCV, Siege Tank  
  87  6:12  Engineering Bay  
  87  6:13  SCV  
  87  6:14  Engineering Bay  
  88  6:18  Viking  
  88  6:19  SCV  
  88  6:24  Viking  
  88  6:25  SCV  
  94  6:28  Marine  
  94  6:31  SCV  
  96  6:37  SCV  
  97  6:43  SCV  
  97  6:45  Siege Tank  
  97  6:46  Terran Infantry Armor Level 1, Terran Infantry Weapons Level 1  
  101  6:49  Marine  
  101  6:51  Orbital Command  
  102  6:56  SCV x2  
  102  6:59  Barracks Reactor  
  102  7:00  Barracks Reactor  
  104  7:08  Barracks, SCV x2  
  102  7:10  Marine  
  102  7:11  Barracks, Viking x2  
  102  7:14  Supply Depot  
  109  7:17  SCV  
  109  7:20  SCV  
  109  7:21  SCV  
  112  7:29  SCV  
  113  7:32  Marine  
  113  7:33  SCV x2  
  113  7:36  Refinery x2, Siege Tank  
  113  7:37  Marine x4  
  119  7:38  Combat Shield  
  119  7:41  SCV  
  119  7:43  Armory  
  124  7:44  Supply Depot  
  124  7:45  SCV  
  125  7:54  Supply Depot  
  125  7:55  Supply Depot  
  125  7:57  SCV x2, Marine  
  123  7:59  SCV  
  123  8:00  Supply Depot  
  123  8:03  Marine x2  
  123  8:04  Marine x2  
  128  8:06  Medivac x2, Sensor Tower  
  128  8:09  Barracks Reactor, SCV  
  128  8:12  Barracks Reactor  
  131  8:15  Marine  
  131  8:19  Siege Tank  
  135  8:22  SCV x2  
  135  8:23  Supply Depot, SCV  
  138  8:28  Marine x3  
  138  8:29  Missile Turret  
  138  8:32  Terran Vehicle Weapons Level 1, Command Center  
  138  8:44  Marine  
  138  8:45  Marine x2  
  138  8:46  Marine x2  
  138  8:47  Medivac  
  138  8:48  Marine x2, Medivac  
  148  8:52  Supply Depot  
  148  8:53  Command Center  
  150  8:55  SCV  
  150  8:56  SCV x2  
  152  9:03  Siege Tank  
  152  9:07  Supply Depot, Barracks Reactor  
  152  9:08  Supply Depot  
  155  9:14  Marine  
  155  9:15  Marine x4  
  155  9:16  Terran Infantry Armor Level 2  
  159  9:19  Terran Infantry Weapons Level 2  
  159  9:20  Marine x3  
  159  9:24  Factory  
  162  9:37  Marine x5  
  162  9:38  Marine  
  167  9:40  Siege Tank  
  167  9:41  Missile Turret  
  167  9:43  Viking x2  
  173  9:49  Marine  
  174  9:53  Marine  
  174  9:54  Marine  
  174  9:56  Marine  
  174  9:57  Marine x5  
  174  9:58  Marine  
  168  10:07  Planetary Fortress, Marine  
  168  10:11  Marine  
  168  10:12  Marine, Siege Tank  
  168  10:14  Marine  
  174  10:15  Marine x3  
  174  10:16  Marine  
  174  10:17  Marine  
  173  10:30  Marine  
  173  10:32  Siege Tank  
  173  10:33  Marine  
  173  10:35  Marine x2  
  173  10:36  Marine x2  
  173  10:38  Marine  
  173  10:40  Marine  
  173  10:42  Marine x2  
  163  10:44  Siege Tank  
  163  10:48  Marine  
  162  10:51  Marine, Medivac  
  162  10:53  Marine x3  
  162  10:54  Marine  
  162  10:56  Marine  
  168  10:58  Marine  
  168  10:59  SCV x3  
  168  11:00  Marine  
  168  11:02  Refinery  
  168  11:03  Refinery  
  173  11:04  Siege Tank  
  173  11:09  Marine x3  
  173  11:11  Marine  
  180  11:16  Marine, Siege Tank  
  184  11:18  Marine  
  185  11:28  Marine x7  
  192  11:36  Siege Tank  
  195  11:42  Marine x3  
  195  11:45  Marine  
  195  11:46  Marine  
  200  11:51  Sensor Tower  
  200  11:53  Command Center  
  200  12:00  Liberator  
  196  12:08  Siege Tank  
  196  12:10  Siege Tank  
  199  12:22  Barracks x2, Command Center  
  199  12:24  Barracks, Command Center  
  191  12:34  Viking  
  181  12:40  Siege Tank  
  181  12:41  Marine x10  
  181  12:42  Siege Tank  
  181  12:43  Viking  
  161  12:58  Marine  
  161  12:59  Marine x4  
  161  13:01  Marine x4  
  170  13:09  Marine  
  170  13:12  Siege Tank  
  168  13:14  Siege Tank  
  168  13:16  Marine  
  168  13:17  Marine  
  170  13:21  Liberator  
  170  13:22  Liberator  
  170  13:24  Marine  
  170  13:25  Marine x6  
  170  13:26  Planetary Fortress  
  183  13:38  Marine x3  
  186  13:42  Marine x2  
  186  13:44  Siege Tank  
  186  13:46  Siege Tank  
  192  14:00  Marine x2  
  182  14:03  Marine x5  
  182  14:04  Marine x2  
  182  14:06  Marine  
  180  14:18  Marine x2  
  180  14:21  Marine x5  

Tags
 
Add a new tag
Caveats
  • Supply blocks, unpowered buildings, or Contaminate may cause inaccurate times.
  • Supply counts are checked every 10 seconds.